 Dungeon Crawl Stone Soup version 0.20-a0-390-g4892b34 (webtiles) character file.

91 BearKnight92 the Firebug (level 4, -1/33 HPs)
             Began as a Draconian Fire Elementalist on Dec 30, 2016.
             Killed from afar by an orc wizard (3 damage)
             ... with a puff of frost
             ... on level 3 of the Dungeon.
             The game lasted 00:27:17 (1828 turns).

BearKnight92 the Firebug (DrFE)                     Turns: 1828, Time: 00:27:18

Health: -1/33      AC:  6    Str: 10    XL:     4   Next: 33%
Magic:  4/7        EV: 12    Int: 17    God:
Gold:   129        SH:  0    Dex: 11    Spells: 3/8 levels left

rFire  + . .     SeeInvis .     p - +1 rapier
rCold  x . .     Gourm    .     (armour unavailable)
rNeg   . . .     Faith    .     (no shield)
rPois  .         Spirit   .     (helmet restricted)
rElec  .         Reflect  .     (no cloak)
rCorr  .         Harm     .     g - +0 pair of gloves
MR     .....                    (no boots)
Stlth  ++........               (no amulet)
                                (no ring)
                                q - ring of fire

@: no status effects
A: unfitting armour, cold-blooded, AC +5
a: no special abilities


You were on level 3 of the Dungeon.
You were hungry.

You visited 1 branch of the dungeon, and saw 3 of its levels.

You collected 129 gold pieces.

Inventory:

Hand Weapons
 p - a +1 rapier (weapon)
Armour
 g - a +0 pair of gloves (worn)
Jewellery
 q - a ring of fire (left hand)
Scrolls
 f - 3 scrolls of remove curse
 m - 2 scrolls of teleportation {unknown}
 o - a scroll of enchant armour {unknown}
Potions
 d - a potion of brilliance {unknown}
 e - a potion of cure mutation {unknown}
 i - 2 potions of might {unknown}
 j - a potion of heal wounds {unknown}
 k - a potion of agility {unknown}
 n - a potion of curing {unknown}
 r - a potion of haste {unknown}
Books
 a - a book of Flames

   Spells                             Type                      Level
   a - Flame Tongue                   Conjuration/Fire             1
   b - Throw Flame                    Conjuration/Fire             2
   c - Conjure Flame                  Conjuration/Fire             3
   d - Inner Flame                    Hexes/Fire                   3
   e - Sticky Flame                   Conjuration/Fire             4
   f - Fireball                       Conjuration/Fire             5
Comestibles
 b - 3 bread rations
 c - 2 meat rations
 h - a slice of pizza
 l - 2 chunks of flesh


   Skills:
 + Level 0.4 Short Blades
   Level 0.8 Polearms
 + Level 2.0 Dodging
 + Level 2.1 Stealth
 * Level 2.5 Spellcasting
 * Level 1.9 Conjurations
 * Level 3.9 Fire Magic


You had 3 spell levels left.
You knew the following spells:

 Your Spells              Type           Power        Failure   Level  Hunger
a - Flame Tongue          Conj/Fire      ###..        6%          1    #......
b - Sticky Flame          Conj/Fire      ###.....     58%         4    #####..


Dungeon Overview and Level Annotations

Branches:
Dungeon (3/15)

Altars:


Innate Abilities, Weirdness & Mutations

Your plain brown scales are hard. (AC +5)
You cannot fit into any form of body armour.
You are cold-blooded and may be slowed by cold attacks.


Message History

Confirm with . or Enter, or press ? or * to list all spells.
Aiming: Flame Tongue
Press: ? - help, Shift-Dir - straight line, f - hobgoblin
Aim: a hobgoblin, wielding a club You feel a surge of power!
The flame tongue hits the hobgoblin.
You kill the hobgoblin!
Something hits you but does no damage.
You closely miss something. Something hits you. x2
You hit something.
You hear some strange, mumbled words.
A magic dart appears from out of thin air!
The magic dart hits you!
* * * LOW HITPOINT WARNING * * *
You barely miss something.
Your tail-slap misses something.
Something hits you.
* * * LOW HITPOINT WARNING * * *
Something hits you but does no damage.
You hear some strange, mumbled words.
A puff of frost appears from out of thin air!
The puff of frost hits you!
You feel a terrible chill!
You die...

.............#
#..#
..#.##########
####..# .##.#
#.....# .##.#
#.###.# .##.#
####.###.# .##.#
#######........#
.....
..<........#####
.##.#
#.#.###.##.#
###.[...#.##@#
.... #..##.#
###.$ ##.##.#
...)# ##.#)#
####.#.###)..)#
.
........#..##.#
.
..........###.#
###.##.### #.#
#..$# #.#


There were no monsters in sight!

Vanquished Creatures
  2 adders
  An ooze (D:2)
  An adder zombie (D:2)
  2 worms (D:2)
  A dart slug (D:2)
  2 leopard geckos (D:2)
  3 orcs (D:3)
  2 ball pythons
  2 giant cockroaches
  8 goblins
  7 hobgoblins
  A quokka (D:2)
  5 bats
  6 frilled lizards
  6 kobolds
  5 rats
54 creatures vanquished.

Notes
Turn   | Place    | Note
-------+----------+-------------------------------------------
     0 | D:1      | BearKnight92 the Draconian Fire Elementalist began the quest for the Orb.
     0 | D:1      | Reached XP level 1. HP: 14/14 MP: 3/3
   489 | D:1      | Reached XP level 2. HP: 20/20 MP: 3/5
   864 | D:2      | Reached XP level 3. HP: 18/26 MP: 0/6
  1516 | D:3      | Reached XP level 4. HP: 26/33 MP: 2/7
  1522 | D:3      | Learned a level 4 spell: Sticky Flame
  1828 | D:3      | Killed from afar by an orc wizard

Vault maps used:
D:1:      sevenhm_arrival_forest_fort_small_3
D:2:      first_bread, minmay_divided_ellipse

Skill      XL: |  1  2  3 |
---------------+----------+-----
Stealth        | 2 |  2.1
Dodging        | 2 |  2.0
Short Blades   | |  0.4
Polearms       | |  0.8
Spellcasting   | |  2.5
Conjurations   | |  1.9
Fire Magic     | |  3.9

Action                   |  1- 3 |  4- 6 || total
-------------------------+-------+-------++-------
Melee: Spear             |    41 |       ||    41
       Tailslap          |     3 |     1 ||     4
       Rapier            |    16 |    16 ||    32
 Cast: Flame Tongue      |    64 |    10 ||    74
       Sticky Flame      |       |     3 ||     3
  Use: Scroll            |     5 |       ||     5
  Eat: Chunk             |     2 |     2 ||     4
Armor: Skin              |    21 |     7 ||    28
Dodge: Dodged            |    61 |     6 ||    67
